 Dungeon Crawl Stone Soup version 0.29.0-4-gdea44cf6ec (webtiles) character file.

Game seed: 1732181998600807823

1290 qw the Grappler (level 8, -12/75 HPs)
             Began as a Troll Cinder Acolyte on Sept 1, 2022.
             Was an Elder of Ignis.
             Mangled by an ogre
             ... wielding a +0 giant club
              (14 damage)
             ... on level 5 of the Dungeon.
             The game lasted 00:02:27 (3926 turns).

qw the Grappler (Troll Cinder Acolyte)              Turns: 3926, Time: 00:02:27

Health: -12/75     AC: 11    Str: 25    XL:     8   Next: 30%
Magic:  8/8        EV:  9    Int: 10    God:    Ignis [****..]
Gold:   217        SH:  5    Dex:  5    Spells: 9/9 levels left

rFire   + . .      SeeInvis +     - Unarmed
rCold   . . .      Faith    .   (no shield)
rNeg    . . .      Spirit   .   a - +0 robe
rPois   .          Reflect  +   (helmet restricted)
rElec   .          Harm     .   (no cloak)
rCorr   .          Rampage  .   (gloves unavailable)
Will    +....                   (boots unavailable)
Stlth   +.........              j - amulet of reflection
HPRegen 1.02/turn               b - ring of willpower
MPRegen 0.11/turn               h - ring of see invisible

@: about to teleport, fiery-armoured
A: large, unfitting armour, claws 3, regeneration 1, shaggy fur 1, tough skin 1
a: Renounce Religion, Fiery Armour, Foxfire Swarm, Rising Flame


You were on level 5 of the Dungeon.
You worshipped Ignis.
Ignis was greatly pleased with you.
You visited 1 branch of the dungeon, and saw 7 of its levels.

You collected 217 gold pieces.


Innate Abilities, Weirdness & Mutations

You are too large for most types of armour.
You have claws for hands.
Your natural rate of healing is unusually fast.
You are covered in fur. (AC +1)
You have tough skin. (AC +1)


   Skills:
 - Level 3.3 Fighting
 - Level 1.2 Throwing
 - Level 1.5 Dodging
 + Level 9.8 Unarmed Combat
 - Level 1.0 Spellcasting
 - Level 2.1 Fire Magic


You had 9 spell levels left.
You didn't know any spells.
Your spell library contained the following spells:

 Spells                   Type           Power      Damage    Failure   Level
 Scorch                   Fire           8%         2d5       22%         2

Inventory:

Missiles
 m - a boomerang (quivered)
Armour
 a - a +0 robe (worn)
Jewellery
 b - a ring of willpower (left claw)
 h - a ring of see invisible (right claw)
 j - an amulet of reflection (around neck)
 l - a ring of protection from cold
Scrolls
 c - a scroll of identify
 d - 2 scrolls of teleportation
Potions
 e - 2 potions of curing
 f - a potion of haste
 g - a potion of invisibility {unknown}
 i - a potion of heal wounds {unknown}
 k - 3 potions of mutation {unknown}
 n - a potion of resistance {unknown}

Dungeon Overview and Level Annotations

Branches:
Dungeon (7/15)             Temple (0/1) D:5

Altars:

Shops:
D:7 *


Message History

You scratch the necrophage but do no damage.
The necrophage is severely damaged.
You block the necrophage's attack.
You closely miss the necrophage.
The necrophage is severely damaged.
The necrophage hits you.
You feel drained.
You claw the necrophage!
You destroy the necrophage!
Your life force feels restored.
You start resting.
HP restored.
k - 3 bubbling orange potions (gained 2)
You now have 217 gold pieces (gained 12).
Found an escape hatch in the ceiling.
An ogre comes into view. It is wielding a +0 giant club.
The ogre shouts!
Throw: boomerang
Press: ? - help, Q - select action Shift-Dir - straight line, f - ogre You throw a boomerang.
The boomerang hits the ogre.
The ogre is lightly wounded.
You claw the ogre!
The ogre is severely wounded.
The ogre hits you with a +0 giant club!!!
You scratch the ogre but do no damage.
The ogre is severely wounded.
You scratch the ogre.
The ogre is severely wounded.
The ogre hits you with a +0 giant club!!
3924 ||| INVOKING Fiery Armour.
A protective cloak of flame settles atop you.
You barely miss the ogre.
The ogre is severely wounded.
The ogre hits you with a +0 giant club!!
The ogre is burned by your cloak of flames.
The ogre is almost dead.
3926 ||| READING 3 scrolls of teleportation.
As you read the scroll of teleportation, it crumbles to dust.
You feel strangely unstable. The ogre hits you with a +0 giant club!
You die...

#.####.## #.# #.# #.####.#
##.##...# #...#.#### #.#.......
# #...#.####
...##.#############...#
#....O@......# ###.#
####<##.##.#.# #.# .. #.#..#.#
##.## .. ## #.#.##.# #...# #.
#.#.##.# #...#
#.##########......# #...#
#..........###.#### #...#
#.##.......<#.##.#.########...#
...........#.#.###.##.........


You could see an ogre.

Vanquished Creatures
  An ice beast (D:5)
  A black bear (D:5)
  2 ogres (D:5)
  A phantom (D:4)
  3 scorpions
  2 necrophages
  A howler monkey (D:5)
  3 hounds
  A jelly (D:3)
  2 orc priests
  2 orc wizards
  2 iguanas (D:5)
  5 gnolls
  6 adders
  2 ufetubi
  A worm (D:4)
  A dart slug (D:4)
  15 orcs
  9 endoplasms
  5 giant cockroaches
  8 goblins
  7 hobgoblins
  3 jackals (D:1)
  6 quokkas
  7 ball pythons
  9 bats
  5 frilled lizards
  7 kobolds
  3 rats
120 creatures vanquished.

Notes
Turn   | Place    | Note
-------+----------+-------------------------------------------
     0 | D:1      | qw the Troll Cinder Acolyte began the quest for the Orb.
     0 | D:1      | Reached XP level 1. HP: 22/22 MP: 1/1
     0 | D:1      | 0 ||| qw: Version: 0.1-a-97-g2dd2ca4
     0 | D:1      | 0 ||| qw: Game counter: 4789
     0 | D:1      | 0 ||| qw: Always use a shield: true
     0 | D:1      | 0 ||| qw: God list: Okawaru
     0 | D:1      | 0 ||| qw: Allow faded altars: false
     0 | D:1      | 0 ||| qw: Do Orc after D:15 true
     0 | D:1      | 0 ||| qw: Do second Lair branch before Depths: true
     0 | D:1      | 0 ||| qw: Lair rune preference: random
     0 | D:1      | 0 ||| qw: Plans: Normal
     0 | D:1      | 0 ||| PLANNING D:1-11
    96 | D:1      | Found a faded altar of an unknown god.
   256 | D:1      | 256 ||| Stepping ~*~*~tactically~*~*~ (outnumbered).
   293 | D:1      | Reached XP level 2. HP: 29/29 MP: 2/2
   413 | D:1      | 413 ||| Stepping ~*~*~tactically~*~*~ (stealth).
   422 | D:1      | 422 ||| Stepping ~*~*~tactically~*~*~ (outnumbered).
   423 | D:1      | 423 ||| Stepping ~*~*~tactically~*~*~ (outnumbered).
   472 | D:1      | Reached skill level 4 in Unarmed Combat
   703 | D:1      | Reached XP level 3. HP: 36/36 MP: 3/3
   870 | D:1      | 870 ||| READING scroll labelled ZOAN NUMUL.
   871 | D:1      | 871 ||| READING scroll labelled LUKOULA OCHINU.
   872 | D:1      | 872 ||| READING scroll labelled NUSMOU VYT JEPH.
   873 | D:1      | 873 ||| READING scroll labelled ELAEDGH LEOHILU.
   874 | D:1      | 874 ||| DRINKING 2 black potions.
   875 | D:1      | 875 ||| DROPPING potion of brilliance.
   971 | D:2      | 971 ||| Stepping ~*~*~tactically~*~*~ (hiding).
  1459 | D:2      | Reached XP level 4. HP: 42/44 MP: 4/4
  1470 | D:2      | Reached skill level 5 in Unarmed Combat
  1876 | D:2      | 1876 ||| UPGRADING to ring of willpower.
  1877 | D:2      | 1877 ||| READING scroll labelled GINAIRGH SOEFYDD.
  1878 | D:2      | 1878 ||| READING scroll labelled OFAERCHUMEO.
  1879 | D:2      | 1879 ||| READING scroll labelled MEMUOS KOER.
  1927 | D:3      | 1927 ||| Stepping ~*~*~tactically~*~*~ (stealth).
  1930 | D:3      | 1930 ||| Stepping ~*~*~tactically~*~*~ (stealth).
  2003 | D:3      | 2003 ||| INVOKING Fiery Armour.
  2168 | D:3      | 2168 ||| Stepping ~*~*~tactically~*~*~ (stealth).
  2169 | D:3      | 2169 ||| Stepping ~*~*~tactically~*~*~ (stealth).
  2195 | D:3      | 2195 ||| Stepping ~*~*~tactically~*~*~ (stealth).
  2223 | D:3      | Reached XP level 5. HP: 47/50 MP: 5/5
  2387 | D:3      | 2387 ||| Stepping ~*~*~tactically~*~*~ (stealth).
  2536 | D:3      | 2536 ||| UPGRADING to amulet of reflection.
  2541 | D:3      | 2541 ||| DRINKING 3 sedimented red potions.
  2542 | D:3      | 2542 ||| DROPPING 2 potions of degeneration.
  2553 | D:4      | 2553 ||| STAIRDANCE
  2556 | D:3      | Reached skill level 6 in Unarmed Combat
  2564 | D:4      | 2564 ||| STAIRDANCE
  2578 | D:4      | 2578 ||| Stepping ~*~*~tactically~*~*~ (stealth).
  2580 | D:4      | 2580 ||| Stepping ~*~*~tactically~*~*~ (stealth).
  2641 | D:4      | 2641 ||| Stepping ~*~*~tactically~*~*~ (outnumbered).
  2648 | D:4      | Reached XP level 6. HP: 57/59 MP: 6/6
  2679 | D:4      | 2679 ||| Stepping ~*~*~tactically~*~*~ (outnumbered).
  2680 | D:4      | 2680 ||| Stepping ~*~*~tactically~*~*~ (outnumbered).
  2734 | D:4      | Reached skill level 7 in Unarmed Combat
  3036 | D:4      | You fall into a shaft and drop 3 floors!
  3042 | D:7      | 3042 ||| UPGRADING to ring of see invisible.
  3043 | D:7      | 3043 ||| READING scroll labelled HUERIQE RIAT.
  3071 | D:7      | 3071 ||| READING scroll labelled VOUPAE QIZIBUI.
  3072 | D:7      | 3072 ||| DRINKING 2 fizzy coppery potions.
  3073 | D:7      | 3073 ||| DRINKING 3 coppery potions.
  3074 | D:7      | 3074 ||| DROPPING potion of magic.
  3075 | D:7      | 3075 ||| READING 4 scrolls of teleportation.
  3118 | D:7      | Found Cariruev's Elemental Accessories.
  3190 | D:6      | 3190 ||| READING 2 scrolls of identify.
  3190 | D:6      | 3190 ||| IDENTIFYING fuming sapphire potion
  3198 | D:5      | Entered Level 5 of the Dungeon
  3215 | D:5      | Found a staircase to the Ecumenical Temple.
  3224 | D:5      | Reached skill level 8 in Unarmed Combat
  3224 | D:5      | Reached XP level 7. HP: 60/66 MP: 7/7
  3276 | D:5      | 3276 ||| INVOKING Fiery Armour.
  3318 | D:5      | 3318 ||| Stepping ~*~*~tactically~*~*~ (stealth).
  3324 | D:5      | Reached skill level 3 in Fighting
  3450 | D:5      | 3450 ||| Stepping ~*~*~tactically~*~*~ (stealth).
  3586 | D:5      | 3586 ||| READING scroll labelled OMMISK SIOQI.
  3597 | D:5      | 3597 ||| INVOKING Fiery Armour.
  3599 | D:5      | Reached skill level 9 in Unarmed Combat
  3662 | D:4      | Reached skill level 1 in Throwing
  3662 | D:4      | Reached XP level 8. HP: 75/75 MP: 8/8
  3744 | D:5      | Reached skill level 1 in Dodging
  3924 | D:5      | 3924 ||| INVOKING Fiery Armour.
  3925 | D:5      | HP: 1/75 [ogre/+0 giant club (21)]
  3926 | D:5      | 3926 ||| READING 3 scrolls of teleportation.
  3926 | D:5      | Mangled by an ogre

Levels and vault maps discovered:
D:1:      mrwooster_arrival_statue_3, layout_loops_corners,
          shapermc_ecumenical_altar_mp_highgroup, minmay_misc_feat_cross,
          dk_noncrumbling_4
D:2:      layout_loops_corners
D:3:      layout_rooms
D:4:      minmay_general_purpose_star, layout_rooms
D:5:      layout_loops_cross, minmay_temple_entry_statues_fountains,
          kennysheep_nub
D:6:      layout_gridville, hellmonk_ghost_happy_afterlife, serial_shops,
          nicolae_stop_n_shop_2
D:7:      layout_gridville, hangedman_decor_points, nicolae_elemental_shop

Skill      XL: |  1  2  3  4  5  6  7  8 |
---------------+-------------------------+-----
Unarmed Combat | 4 5 6 8 9 |  9.8
Fighting       | 3 |  3.3
Throwing       | 1 |  1.2
Dodging        | 1 |  1.5
Spellcasting   | |  1.0
Fire Magic     | |  2.1

Action                   |  1- 3 |  4- 6 |  7- 9 || total
-------------------------+-------+-------+-------++-------
Melee: Unarmed           |   111 |   137 |    86 ||   334
       Punch             |     1 |     4 |     1 ||     6
Throw: Boomerang         |       |       |    26 ||    26
Invok: Fiery Armour      |       |     1 |     3 ||     4
  Use: Scroll            |     4 |     7 |     2 ||    13
       Potion            |     1 |     3 |       ||     4
Armor: Robe              |    37 |    35 |    17 ||    89
Dodge: Dodged            |    46 |    42 |    27 ||   115
Block: Other             |       |     9 |    15 ||    24
       Reflection        |       |       |     1 ||     1

Table legend:
 A = Non-vault XP
 B = Vault XP
 C = Vault XP percentage of total XP
 D = Non-vault monster count
 E = Vault monster count
 F = Vault count percentage of total count
                 A         B        C        D         E       F
            +---------+---------+-------+---------+---------+-------
      Total |    1717 |     126 |   6.8 |     116 |       4 |   3.3
            +---------+---------+-------+---------+---------+-------
        D:1 |      43 |       0 |   0.0 |      26 |       0 |   0.0
        D:2 |      65 |       0 |   0.0 |      17 |       0 |   0.0
        D:3 |     138 |       0 |   0.0 |      22 |       0 |   0.0
        D:4 |     281 |     126 |  31.0 |      23 |       4 |  14.8
        D:5 |    1066 |       0 |   0.0 |      26 |       0 |   0.0
        D:6 |      40 |       0 |   0.0 |       1 |       0 |   0.0
        D:7 |      84 |       0 |   0.0 |       1 |       0 |   0.0
            +---------+---------+-------+---------+---------+-------
